 Dungeon Crawl Stone Soup version 0.29.1-15-g9cfb28693d (webtiles) character file.

Game seed: 15369279291734663148

247 protoss039 the Digger (level 5, 0/41 HPs)
             Began as a Demonspawn Earth Elementalist on Mar 12, 2023.
             Slain by a goblin
             ... wielding a +0 club
              (4 damage)
             ... on level 4 of the Dungeon.
             The game lasted 00:04:32 (3729 turns).

protoss039 the Digger (DsEE)                        Turns: 3729, Time: 00:04:33

Health: 0/41       AC: 16    Str:  8    XL:     5   Next: 85%
Magic:  5/10       EV: 10    Int: 18    God:
Gold:   175        SH:  0    Dex: 14    Spells: 8/11 levels left

rFire   . . .      SeeInvis +   k - +0 long sword
rCold   . . .      Faith    .   (no shield)
rNeg    . . .      Spirit   .   j - +0 ring mail
rPois   .          Reflect  .   (no helmet)
rElec   .          Harm     .   s - +0 cloak
rCorr   .          Rampage  .   q - +0 pair of gloves
Will    .....                   m - +2 pair of boots
Stlth   +.........              c - amulet of the acrobat
HPRegen 0.13/turn               a - ring of see invisible
MPRegen 0.12/turn               (no ring)

@: sanguine armoured
A: sanguine armour 1, weakness stinger 1
a: no special abilities


You were on level 4 of the Dungeon.
You visited 1 branch of the dungeon, and saw 4 of its levels.

You collected 175 gold pieces.

Inventory:

Hand Weapons
 k - a +0 long sword (weapon)
Armour
 j - a +0 ring mail (worn)
 m - a +2 pair of boots (worn)
 q - a +0 pair of gloves (worn)
 s - a +0 cloak (worn)
Jewellery
 a - a ring of see invisible (left hand)
 c - an amulet of the acrobat (around neck)
Wands
 l - a wand of roots (4)
Scrolls
 g - a scroll of vulnerability {unknown}
 h - a scroll of immolation {unknown}
 n - 3 scrolls of identify {unknown}
 p - a scroll of torment {unknown}
 t - a scroll of noise {unknown}
Potions
 b - 2 potions of magic
 d - a potion of cancellation {unknown}
 e - 2 potions of mutation {unknown}
 f - a potion of curing {unknown}
 i - a potion of might {unknown}
 o - 2 potions of brilliance {unknown}
 r - 2 potions of haste {unknown}


   Skills:
 + Level 3.1 Fighting
 - Level 1.7 Dodging
 - Level 1.7 Stealth
 + Level 3.6 Spellcasting
 - Level 0.8 Transmutations
 + Level 4.1 Earth Magic


You had 8 spell levels left.
You knew the following spells:

 Your Spells              Type           Power      Damage    Failure   Level
a - Sandblast             Erth           36%        2d10      9%          1
b - Passwall              Tmut/Erth      10%        N/A       26%         2

Your spell library contained the following spells:

 Spells                   Type           Power      Damage    Failure   Level
 Apportation              Tloc           6%         N/A       43%         1
 Stone Arrow              Conj/Erth      20%        3d8       52%         3
 Ignite Poison            Fire/Tmut/Pois 4%         N/A       77%         3
 Conjure Flame            Conj/Fire      3%         6-21      82%         3
 Inner Flame              Hex/Fire       3%         N/A       82%         3
 Petrify                  Tmut/Erth      12%        N/A       86%         4
 Cause Fear               Hex            1%         N/A       99%         4
 Sticky Flame             Conj/Fire      3%         2d3       99%         4
 Alistair's Intoxication  Tmut/Pois      2%         N/A       100%        5
 Discord                  Hex            1%         N/A       100%        8


Dungeon Overview and Level Annotations

Branches:
Dungeon (4/15) Zot: 20205  Temple (0/1) D:4

Altars:
Ru
Xom


Innate Abilities, Weirdness & Mutations

When seriously injured, your blood forms armour. (AC +6)
You have a small tail.


Message History

Menkaure is heavily damaged.
Unknown command.
Casting: Sandblast (safe; 9% risk of failure)
Confirm with . or Enter, or press ? or * to list all spells.
Aiming: Sandblast (safe; 9% risk of failure)
Press: ? - help, Shift-Dir - straight line, f/p - Menkaure
Aim: Menkaure (heavily damaged, fast, 91% to hit)
The blast of sand hits Menkaure!
Menkaure is almost destroyed.
Menkaure gestures at you while chanting.
Pain shoots through your body!
Menkaure shrieks, "Why can't you leave me to my rest?"
Casting: Sandblast (safe; 9% risk of failure)
Confirm with . or Enter, or press ? or * to list all spells.
Aiming: Sandblast (safe; 9% risk of failure)
Press: ? - help, Shift-Dir - straight line, f/p - Menkaure
Aim: Menkaure (almost destroyed, fast, 91% to hit)
The blast of sand misses Menkaure.
Menkaure hits you.
Your blood congeals into armour.
Menkaure calls on the powers of darkness!
Your body is wracked with pain!
The goblin convulses!
Casting: Sandblast (safe; 9% risk of failure)
Confirm with . or Enter, or press ? or * to list all spells.
Aiming: Sandblast (safe; 9% risk of failure)
Press: ? - help, Shift-Dir - straight line, f/p - Menkaure
Aim: Menkaure (almost destroyed, fast, 91% to hit)
The blast of sand misses Menkaure.
Menkaure gestures at you while chanting.
Pain shoots through your body!
* * * LOW HITPOINT WARNING * * *
The goblin barely misses you. Menkaure barely misses you.
Casting: Sandblast (safe; 9% risk of failure)
Confirm with . or Enter, or press ? or * to list all spells.
Aiming: Sandblast (safe; 9% risk of failure)
Press: ? - help, Shift-Dir - straight line, f/p - Menkaure
Aim: Menkaure (almost destroyed, fast, 91% to hit)
The blast of sand hits Menkaure!
You destroy Menkaure!
The goblin hits you but does no damage. The goblin hits you with a +0 club.
You die...

#.##.# .# #.##.# ###
#.##.#
#†##.###.########...#.#
#.##.##..........$....#
#.##.###.#######.......
##.##.###.#####...#...♣
................#....♣
.######......##.#...♣ .
#...###.##.@..♣ #.....#
#.##.g.♣.♣ #.§....
#.##.#..♣
#..>§..#.#[......♣
.....§...# #.......♣
.#......## ##...#...♣
.......... .. ......#


You could see a goblin.

Vanquished Creatures
  Menkaure (D:4)
  A black bear (D:4)
  An orc priest (D:3)
  4 adders
  3 worms (D:2)
  5 dart slugs
  5 orcs (D:3)
  6 ball pythons
  7 endoplasms
  2 giant cockroaches (D:4)
  6 goblins
  8 hobgoblins
  2 kobolds
  A bat (D:2)
  4 frilled lizards
  6 rats
62 creatures vanquished.

Notes
Turn   | Place    | Note
-------+----------+-------------------------------------------
     0 | D:1      | protoss039 the Demonspawn Earth Elementalist began the
                  | quest for the Orb.
     0 | D:1      | Reached XP level 1. HP: 13/13 MP: 3/3
   161 | D:1      | Gained mutation: When seriously injured, your blood forms
                  | armour. (AC +6) [demonic ancestry]
   161 | D:1      | Reached XP level 2. HP: 17/20 MP: 3/5
   301 | D:1      | Reached skill level 1 in Fighting
   455 | D:1      | Reached skill level 3 in Earth Magic
  1231 | D:1      | Learned a level 2 spell: Passwall
  1264 | D:2      | Gained mutation: You have a small tail. [demonic ancestry]
  1264 | D:2      | Reached XP level 3. HP: 26/26 MP: 3/6
  1914 | D:2      | Reached XP level 4. HP: 33/33 MP: 6/8
  2271 | D:3      | Found a sacrificial altar of Ru.
  2603 | D:3      | Reached XP level 5. HP: 30/39 MP: 6/9
  2928 | D:3      | Found a faded altar of an unknown god.
  3075 | D:3      | Found a shimmering altar of Xom.
  3381 | D:4      | Noticed a black bear
  3399 | D:4      | Killed a black bear
  3400 | D:4      | Reached skill level 4 in Earth Magic
  3708 | D:4      | Found a staircase to the Ecumenical Temple.
  3720 | D:4      | Noticed Menkaure
  3729 | D:4      | Killed Menkaure
  3729 | D:4      | Slain by a goblin

Illustrated notes

Levels and vault maps discovered:
D:1:      psy_arrival_conway, layout_basic, hex_tiny
D:2:      layout_rooms, chequers_jeans, columned_hall_lemuel
D:3:      layout_loops_corners, mainiacjoe_overflow_tiny_flanked,
          overflow_temple_1_default, shapermc_ecumenical_altar_petra,
          wad_floor_pattern_2
D:4:      layout_loops_ring, riverfiend_overflow_shadow_ancestor,
          okawaru_trees_2, minmay_temple_entry_purple_smoke, uniq_duvessa,
          uniq_menkaure

Skill      XL: |  1  2  3  4  5 |
---------------+----------------+-----
Fighting       | 1 2 3 |  3.1
Earth Magic    | 3 4 |  4.1
Spellcasting   | 3 |  3.6
Dodging        | |  1.7
Stealth        | |  1.7
Transmutations | |  0.8

Action                   |  1- 3 |  4- 6 || total
-------------------------+-------+-------++-------
Melee: Unarmed           |     6 |       ||     6
       Dagger            |    18 |       ||    18
       Long sword        |    10 |    47 ||    57
       Tailslap          |     3 |     9 ||    12
 Cast: Sandblast         |    42 |    36 ||    78
 Stab: Sleeping          |       |     1 ||     1
Armor: Robe              |     3 |       ||     3
       Ring mail         |     9 |    57 ||    66
Dodge: Dodged            |    35 |    59 ||    94
